 Dungeon Crawl Stone Soup version 0.24-a0-447-ge8da9206dc (webtiles) character file.

Game seed: 12980357221577244935

26 Iscandelvey the Vexing (level 2, 21/21 HPs)
             Began as a Demonspawn Arcane Marksman on June 25, 2019.
             Quit the game on level 1 of the Dungeon.
             The game lasted 00:00:37 (1073 turns).

Iscandelvey the Vexing (Demonspawn Arcane Marksman) Turns: 1073, Time: 00:00:38

Health: 21/21      AC:  4    Str: 10    XL:     2   Next: 89%
Magic:  3/3        EV: 12    Int: 14    God:
Gold:   44         SH:  0    Dex: 13    Spells: 2/3 levels left

rFire    . . .     SeeInvis .   a - +0 hunting sling
rCold    . . .     Gourm    .   (no shield)
rNeg     . . .     Faith    .   e - +0 robe
rPois    .         Spirit   .   (no helmet)
rElec    .         Reflect  .   (no cloak)
rCorr    .         Harm     .   (no gloves)
MR       .....                  (no boots)
Stlth    +.........             (no amulet)
HPRegen  0.07/turn              (no ring)
MPRegen  0.08/turn              (no ring)

@: very slow
A: icy blue scales 1
a: no special abilities


You were on level 1 of the Dungeon.
You were not hungry.

You visited 1 branch of the dungeon, and saw 1 of its levels.

You collected 44 gold pieces.

Inventory:

Hand Weapons
 a - a +0 hunting sling (weapon)
Missiles
 c - 72 stones
 d - 11 sling bullets (quivered)
Armour
 e - a +0 robe (worn)
Scrolls
 b - a scroll of magic mapping {unknown}
 g - 2 scrolls of remove curse {unknown}
 i - 2 scrolls of immolation {unknown}
 j - 2 scrolls of identify {unknown}
Potions
 h - a potion of berserk rage {unknown}
Comestibles
 f - 3 rations


   Skills:
 + Level 1.5 Fighting
 + Level 2.1 Slings
 + Level 2.0 Dodging
 + Level 1.0 Spellcasting
 + Level 3.5 Hexes


You had 2 spell levels left.
You knew the following spells:

 Your Spells              Type           Power        Failure   Level  Hunger
a - Corona                Hex            ##.....      6%          1    ##.....

Your spell library contained the following spells:

 Spells                   Type           Power        Failure   Level  Hunger
 Slow                     Hex            ##......     10%         2    ###....
 Inner Flame              Hex/Fire       #.......     36%         3    ####...
 Portal Projectile        Hex/Tloc       #.....       36%         3    ####...
 Cause Fear               Hex            ##........   52%         4    #####..
 Leda's Liquefaction      Hex/Erth       #.........   77%         4    #####..


Dungeon Overview and Level Annotations

Branches:
Dungeon (1/15)

Altars:


Innate Abilities, Weirdness & Mutations

You are partially covered in icy blue scales. (AC +2)


Message History

No target in view!
You enter the shallow water.
Moving in this stuff is going to be slow.
You enter the shallow water.
Moving in this stuff is going to be slow.
You enter the shallow water.
Moving in this stuff is going to be slow.
Done exploring.
No target in view!
Done exploring.
No target in view!
Done exploring.
Done exploring.
No target in view!
No target in view!
Done exploring.
(D) Dungeon
Where to? (? - help)
Okay, then.
Are you sure you want to abandon this character and quit the game? (Confirm with "yes".)

..####### #.......######
..#..<..# #....)........
..#.....# #.............
..#.....# #.......>.....
#####'############ ########.#####
≈≈≈≈≈.≈≈≈≈≈≈≈≈≈≈≈# #.#
♣♣♣.≈.≈♣♣♣PP♣.P.≈# #.#
♣PPP≈.≈♣P♣♣♣♣♣♣.≈# #.#
≈≈≈≈≈.≈≈≈≈≈≈≈≈≈≈@# #.#
≈≈≈.....≈≈≈≈≈≈≈≈≈# #.#####
♣.≈.###.≈♣♣♣.♣P♣≈##########......
P♣≈.#§#.≈♣PPPP♣P≈#.......##..####
PP≈.###.≈P♣♣P♣.P≈#.......##..#
≈≈≈.....≈≈≈≈≈≈≈≈≈#.......##..#
≈≈≈≈≈.≈≈≈≈≈≈≈≈≈≈≈#.........).#
♣♣♣♣≈.≈..♣P..PP.≈#.#########.#
.P♣P≈.≈.♣PP♣♣.P.≈#.# #.#


There were no monsters in sight!

Vanquished Creatures
  A dart slug (D:1)
  A leopard gecko (D:1)
  A bat (D:1)
  A giant cockroach (D:1)
  2 goblins (D:1)
  3 hobgoblins (D:1)
  3 frilled lizards (D:1)
  7 kobolds (D:1)
  4 rats (D:1)
23 creatures vanquished.

Notes
Turn   | Place    | Note
-------+----------+-------------------------------------------
     0 | D:1      | Iscandelvey the Demonspawn Arcane Marksman began the quest
                  | for the Orb.
     0 | D:1      | Reached XP level 1. HP: 15/15 MP: 2/2
   216 | D:1      | Gained mutation: You are partially covered in icy blue
                  | scales. (AC +2) [demonic ancestry]
   216 | D:1      | Reached XP level 2. HP: 21/21 MP: 3/3
  1073 | D:1      | Quit the game

Levels and vault maps discovered:
D:1:      lightli_arrival_farm, layout_basic, serial_park_tiny_pond

Skill      XL: |  1  2 |
---------------+-------+-----
Dodging        | 2 |  2.0
Slings         | 2 |  2.1
Fighting       | |  1.5
Spellcasting   | |  1.0
Hexes          | |  3.5

Action                   || total
-------------------------++-------
 Fire: Hunting sling     ||    80
Armor: Robe              ||     8
Dodge: Dodged            ||    13

Table legend:
 A = Non-vault XP
 B = Vault XP
 C = Vault XP percentage of total XP
 D = Non-vault monster count
 E = Vault monster count
 F = Vault count percentage of total count
                 A         B        C        D         E       F
            +---------+---------+-------+---------+---------+-------
      Total |      38 |       0 |   0.0 |      23 |       0 |   0.0
            +---------+---------+-------+---------+---------+-------
        D:1 |      38 |       0 |   0.0 |      23 |       0 |   0.0
            +---------+---------+-------+---------+---------+-------
